[Event "Tsaghkadzor Open 2024"]
[Site "Tsaghkadzor"]
[Date "2024.10.01"]
[Round "2.1"]
[White "Baghdasaryan, Vahe"]
[Black "Karthik Venkataraman"]
[Result "0-1"]
[ECO "B22"]
[WhiteElo "2251"]
[BlackElo "2581"]
[Annotator "TA"]
[PlyCount "60"]
[EventDate "2024.09.13"]
[EventType "swiss"]
[EventCountry "ARM"]
[SourceTitle "playchess.com"]
[Source "ChessBase"]
[SourceQuality "1"]
[TimeControl "40/5400+30:1800+30"]

1. e4 c5 2. Nf3 Nc6 3. c3 Nf6 4. e5 Nd5 5. d4 cxd4 6. cxd4 d6 7. Bc4 dxe5 8. dxe5 Be6 9. O-O g6 10. Qe2 Bg7 {[%emt 0:05:21] The position is equal.} 11. Rd1 Qa5 $1 12. Nbd2 {[%emt 0:06:13] Nb3 would now be deadly.} Nc7 13. b4 Qxb4 $17 {[%emt 0:02:38] Black is more active.} 14. Ng5 Bxc4 (14... Bxe5 $6 15. Nxe6 Nxe6 (15... Bxa1 $2 16. Nxc7+ Kd7 17. Nd5 $18) 16. Rb1 $14) 15. Nxc4 O-O 16. Ba3 {[%emt 0:04:43] [#]} (16. a4 $17 b5 17. axb5 Qxb5 (17... Nxb5 18. Bd2 $17) 18. Nf3) 16... Qa4 $1 $19 {[%emt 0:01:16] And now ...b5 would win.} 17. Rac1 h6 18. Rd7 $2 (18. Ne4 $17 {was necessary.} Rfd8 (18... Bxe5 $2 19. Nc5 $18) 19. Nc5 Rxd1+ 20. Rxd1) 18... Nb5 19. Nxf7 Rxf7 20. Bc5 Rd8 21. Nb2 Qa5 (21... Qxa2 22. Rxd8+ Nxd8 23. Qxb5 $17) 22. Nc4 {[%emt 0:02:58] [#]} Qa6 ({Stronger than} 22... Nbd4 23. Bxd4 Qa4 (23... Nxd4 24. Rxd4 Qc7 25. Rxd8+ Qxd8 26. Rd1 $14) 24. Rxd8+ Nxd8 25. Be3 $11) 23. e6 (23. Rxd8+ $142 Nxd8 24. Qd3) 23... Rf5 24. Ne3 Re5 25. Bxe7 Re8 26. Bf6 Bxf6 27. Ng4 {[%emt 0:00:01] Black is clearly winning.} R8xe6 (27... Rxe2 28. Nxf6+ Kh8 29. Rh7#) 28. Nxh6+ (28. Nxe5 $142 Nbd4 (28... Rxe5 29. Qc4+ Kh8 30. Qf4 $15) (28... Bxe5 $2 29. Qf3 $19) 29. Qxa6 bxa6 30. Nxc6 Ne2+ (30... Nxc6 31. Kf1 $11) 31. Kf1 Nxc1 32. Rc7) 28... Kf8 29. Rf7+ Ke8 30. Qd2 Nbd4 {[%emt 0:00:52] White did not feel at home in the position after the opening.   Weighted Error Value: White=1.13/Black=0.28 (precise) .  Loses game:     	White=1     	---        Mistake:       	White=4     	---        Inaccurate:     	White=2     	Black=2      OK:         	White=4     	Black=7      Best:        	---       	Black=3      Strong:       	---       	Black=2} 0-1

[Event "Tsaghkadzor Open 2024"]
[Site "Tsaghkadzor"]
[Date "2024.10.01"]
[Round "2.2"]
[White "Sklokin, Sergey"]
[Black "Andriasian, Zaven"]
[Result "0-1"]
[ECO "B06"]
[WhiteElo "2249"]
[BlackElo "2558"]
[Annotator "TA"]
[PlyCount "94"]
[EventDate "2024.09.13"]
[EventType "swiss"]
[EventCountry "ARM"]
[SourceTitle "playchess.com"]
[Source "ChessBase"]
[SourceQuality "1"]
[TimeControl "40/5400+30:1800+30"]

1. e4 d6 2. d4 g6 3. Nc3 Bg7 4. Be3 c6 5. Qd2 b5 6. a4 b4 7. Na2 Nf6 8. f3 a5 {[%emt 0:00:30] The position is equal.} 9. c3 bxc3 10. bxc3 Nbd7 11. Bd3 Nb6 12. Qc2 O-O 13. Ne2 Ba6 14. Bxa6 Rxa6 15. c4 c5 16. dxc5 dxc5 17. O-O Nfd7 18. Rad1 Qc8 19. Qb3 Ne5 20. Rc1 Rd8 {[%emt 0:00:30] Black converts the advantage convincingly.} 21. Qb5 Nbd7 22. Nf4 (22. Rc2 $17 {might work better.}) 22... e6 $19 23. Rc2 Nc6 {[%emt 0:00:30] [#] Hoping for ...Rb6.} 24. Qb1 Rb6 25. Qe1 Rb3 {[%emt 0:00:30][%cal Ob3e3] Threatens to win with ...Rxe3!} 26. Kh1 Qa6 27. Nc1 Rb4 28. Ncd3 Rxc4 ({Don't do} 28... Rxa4 29. Nxc5 Nxc5 (29... Rxc4 $2 {too greedy.} 30. Nxa6 Rxc2 31. Qb1 $18) 30. Bxc5) 29. Rxc4 Qxc4 30. Qc1 Qxa4 31. Nxc5 Nxc5 32. Qxc5 Rd1 33. Kg1 Bf8 34. Qb6 (34. Qc3 $142) 34... Rxf1+ 35. Kxf1 Qc4+ 36. Ne2 a4 {[%emt 0:00:30] [#] White must now prevent ...a3.} 37. Qb7 a3 38. Qa8 a2 39. Kf2 Nb4 40. Nc1 Qc3 41. Nxa2 Qb2+ 42. Kg3 {[%emt 0:00:30][%cal Oe3h6] Bh6! is the strong threat.} Qxa2 43. Qb8 {[%emt 0:00:30] White wants to mate with Bh6.} Qc4 {[%emt 0:00:30] Black is clearly winning.} 44. Bh6 Qc5 45. Qa8 Nd3 {[%emt 0:00:30] ...Qd6+ would now be deadly.} 46. h4 Qd6+ 47. f4 Qa3 {[%emt 0:00:30] Weighted Error Value: White=0.47/Black=0.29 (precise) .  Mistake:       	White=2     	---        Inaccurate:     	White=7     	Black=1      OK:         	White=7     	Black=18     Best:        	White=2     	Black=1} 0-1

[Event "Tsaghkadzor Open 2024"]
[Site "Tsaghkadzor"]
[Date "2024.10.01"]
[Round "2.3"]
[White "Yeritsyan, Hayk"]
[Black "Lobanov, Sergei"]
[Result "1/2-1/2"]
[ECO "B31"]
[WhiteElo "2229"]
[BlackElo "2506"]
[Annotator "RC"]
[PlyCount "67"]
[EventDate "2024.09.13"]
[EventType "swiss"]
[EventCountry "ARM"]
[SourceTitle "playchess.com"]
[Source "ChessBase"]
[SourceQuality "1"]
[TimeControl "40/5400+30:1800+30"]

1. e4 c5 2. Nf3 Nc6 3. Bb5 g6 4. Bxc6 bxc6 5. O-O Bg7 6. Re1 Nh6 7. c3 f6 8. d4 cxd4 9. cxd4 d6 10. Nc3 Nf7 11. h3 O-O 12. b3 Bd7 13. Bb2 e5 14. Qd2 Qe7 15. Rad1 Rad8 16. Ba3 Bc8 17. Qe2 Rfe8 18. Qc4 Be6 19. Qa6 Qc7 20. Rc1 Qb6 21. Qa4 Bc8 22. Bb4 Qa6 23. Ba5 Rd7 24. b4 Rb7 25. d5 Bd7 26. dxc6 Bxc6 27. Qb3 Bh6 28. Rc2 Kg7 29. Nd5 Rc8 30. h4 Qb5 31. Nc3 Qa6 32. Nd5 Qb5 33. Nc3 Qa6 34. Nd5 1/2-1/2

[Event "Tsaghkadzor Open 2024"]
[Site "Tsaghkadzor"]
[Date "2024.10.01"]
[Round "2.4"]
[White "Davtyan, Artur"]
[Black "Alaverdyan, Gevorg"]
[Result "1/2-1/2"]
[ECO "E11"]
[WhiteElo "2467"]
[BlackElo "2242"]
[Annotator "TA"]
[PlyCount "57"]
[EventDate "2024.09.13"]
[EventType "swiss"]
[EventCountry "ARM"]
[SourceTitle "playchess.com"]
[Source "ChessBase"]
[SourceQuality "1"]
[TimeControl "40/5400+30:1800+30"]

1. d4 Nf6 2. c4 e6 3. Nf3 Bb4+ 4. Bd2 c5 5. Bxb4 cxb4 6. Nbd2 O-O 7. e3 d6 8. Be2 Nc6 9. O-O e5 {[%emt 0:00:04] E11: Bogo-Indisch.} 10. a3 {[%emt 0:31:52] OK} bxa3 11. Rxa3 Bf5 $146 {[%emt 0:00:09] Onnauwkeurig. Wit staat iets beter.} ({Predecessor:} 11... Re8 12. Nb3 Bg4 13. h3 Bh5 14. Re1 Qb6 15. d5 Nb4 16. Nh4 Bg6 17. Nxg6 hxg6 {1-0 Kaufman,R (2261)-Macieja,B (2617) Northern California op 2012 (4)}) 12. Qa4 {[%emt 0:00:00] Fout (0.7)} (12. Qb3 $16) 12... a5 $11 {[%emt 0:03:57] OK} 13. Rc1 {Zwart zou moeten spelen} Qe7 {[%emt 0:18:31] Fout (0.6)} (13... exd4 $11 14. exd4 Nb4) 14. c5 $1 $14 {[%emt 0:00:00] Sterk} dxc5 {[%emt 0:00:13] OK} {Wit zou moeten spelen} 15. Rxc5 {[%emt 0:00:00] Fout (0.9)} (15. dxe5 $14 Nxe5 16. Nxe5 Qxe5 17. Nc4) 15... Bd7 $1 $15 {[%emt 0:11:10][%cal Oc6d4] Sterk} 16. Bb5 {[%emt 0:00:00] OK} ({Veel zwakker is} 16. Nxe5 Nxe5 17. Rxe5 Qxe5 18. dxe5 Bxa4 19. Rxa4 Nd7 $17) 16... exd4 {[%emt 0:00:28] OK} 17. exd4 Rfd8 {[%emt 0:00:29][%cal Oc6d4] ...Nxd4! zou dodelijk zijn. OK} 18. Re3 Qf8 {[%emt 0:00:01][%cal Oc6d4] Hoopt vervolgens op ...Nxd4! OK} 19. Rec3 {[%emt 0:00:00] [#] blijft gelijk. Fout (0.9)} (19. Ne4 $11) 19... Be8 $1 $17 {[%emt 0:01:07] Sterk} 20. Rc1 {[%emt 0:00:00] OK} Nd5 {[%emt 0:01:50] OK} 21. Qa3 {[%emt 0:00:00] OK} {Zwart zou moeten overwegen,} Ndb4 {[%emt 0:06:40] Fout (0.8)} (21... Nf4 $17) 22. Bxc6 Nxc6 23. d5 {[%emt 0:00:00] OK} Nb4 {[%emt 0:00:05] Dreigt te winnen met ...b6.} 24. Rxa5 {[%emt 0:00:00] Beste (Gemakkelijk)} Rxa5 {[%emt 0:00:03] Onnauwkeurig} 25. Qxa5 Rxd5 {[%emt 0:00:03] OK} 26. Qb6 {[%emt 0:00:00] OK} Bc6 {[%emt 0:06:07] OK} 27. Nd4 {[%emt 0:00:00] OK} Qd8 28. Qxd8+ {[%emt 0:00:00] OK} Rxd8 29. Nxc6 {[%emt 0:00:00] Blunder waarde: Wit=0.22 (precies) /Zwart=0.11 (erg precies) . OK.  Fout:        	Wit=3      	Zwart=2      Onnauwkeurig:    	---       	Zwart=2      OK:         	Wit=9      	Zwart=8      Beste:        	Wit=1      	---        Sterk:        	Wit=1      	Zwart=2} 1/2-1/2

[Event "Tsaghkadzor Open 2024"]
[Site "Tsaghkadzor"]
[Date "2024.10.01"]
[Round "2.5"]
[White "Ghayourifar, Amir"]
[Black "Hayrapetyan, Hovik"]
[Result "1/2-1/2"]
[ECO "B51"]
[WhiteElo "2206"]
[BlackElo "2464"]
[Annotator "TA"]
[PlyCount "120"]
[EventDate "2024.09.13"]
[EventType "swiss"]
[EventCountry "ARM"]
[SourceTitle "playchess.com"]
[Source "ChessBase"]
[SourceQuality "1"]
[TimeControl "40/5400+30:1800+30"]

1. e4 c5 2. Nf3 d6 3. Bb5+ Nd7 4. a4 Ngf6 5. Nc3 a6 6. Be2 {[%emt 0:00:30] B51: Sicilian: Moscow Variation (3 Bb5+) without 3...Bd7.} g6 7. d4 cxd4 8. Qxd4 Bg7 9. O-O O-O 10. a5 b5 11. axb6 Bb7 12. Qb4 (12. Be3 Nd5 13. Qd2 Nxe3 (13... N5xb6 14. Bh6 $11) 14. Qxe3 Qxb6 $16 (14... Nxb6 15. Ra3 $15)) 12... Qxb6 13. Qxb6 Nxb6 14. Be3 Nfd7 $146 ({Predecessor:} 14... Nbd7 15. Nd2 d5 16. exd5 Nxd5 17. Nxd5 Bxd5 18. Ra5 e6 19. b3 Rfc8 20. Nc4 Bc3 {½-½ Tropp,L (2123)-Vrablik,M (2006) SVK-chT1E 1920 2019 (7.7)}) 15. Nd2 Rfc8 16. Ra3 d5 17. Bxb6 Nxb6 18. Rb3 Bd4 19. exd5 a5 20. Nde4 Bxd5 21. Nxd5 Nxd5 22. c3 Bg7 23. Ra1 a4 24. Rb5 e6 25. c4 Ne7 26. Rb4 Nc6 27. Rbxa4 Rxa4 28. Rxa4 Bxb2 29. Ra2 Be5 30. g3 Nd4 31. Bf1 f5 32. Nd2 Rc7 33. Kg2 Bf6 34. f4 Kf7 35. Nf3 Nb3 36. Nd2 Nc5 37. Nf3 h6 38. h4 Rb7 39. Nd2 Bc3 40. Nf3 Kf6 41. Be2 Rb6 42. Kh3 Ne4 43. Bd3 Nc5 44. Be2 Rb7 45. Kg2 Rd7 46. Rc2 Ne4 47. Ra2 Rd6 48. Rc2 Rd7 49. Ra2 Ke7 50. Rc2 Bf6 51. Ne1 Nc5 52. Nf3 Ra7 53. Nd2 Ra3 54. Nf3 Ne4 55. c5 Nc3 56. c6 Kd6 57. Bc4 Ra5 58. Ne5 Ne4 59. Bd3 Kc7 $1 60. Bxe4 Bxe5 1/2-1/2

[Event "Tsaghkadzor Open 2024"]
[Site "Tsaghkadzor"]
[Date "2024.10.01"]
[Round "2.6"]
[White "Goganov, Aleksey"]
[Black "Torosyan, Volodya"]
[Result "*"]
[ECO "E32"]
[WhiteElo "2463"]
[BlackElo "2187"]
[Annotator "TA"]
[PlyCount "33"]
[EventDate "2024.09.13"]
[EventType "swiss"]
[EventCountry "ARM"]
[SourceTitle "playchess.com"]
[Source "ChessBase"]
[SourceQuality "1"]
[TimeControl "40/5400+30:1800+30"]

1. d4 Nf6 2. c4 e6 3. Nc3 Bb4 4. Qc2 d6 5. a3 Bxc3+ 6. Qxc3 O-O 7. Nf3 b6 8. g3 Bb7 9. Bg2 Nbd7 10. O-O c5 11. b4 {[%emt 0:09:06][%cal Bb2b4,Bb4b5][%mdl 32] EV=16.18. Goes to b5 (dbg))} Rc8 12. Bb2 Qe7 {[%emt 0:12:34] Onnauwkeurig} 13. Rfd1 {[%emt 0:04:47] Onnauwkeurig} d5 {[%emt 0:07:32] Onnauwkeurig} 14. dxc5 {[%emt 0:09:03] OK. Wit staat beter.} bxc5 15. cxd5 {[%emt 0:01:09] Wit is actiever. OK} Bxd5 {[%emt 0:00:19] [#] Onnauwkeurig} 16. b5 $1 {[%emt 0:05:53] Sterk} Nb6 {[%emt 0:04:18] [#] Beste} {Wit kan overwegen} 17. a4 {[%emt 0:02:23] Blunder waarde: Wit=0.08 (foutloos) /Zwart=0.20 (precies) . Fout (0.6).  Fout:        	Wit=1      	---        Onnauwkeurig:    	Wit=1      	Zwart=3      OK:         	Wit=2      	---        Beste:        	---       	Zwart=1      Sterk:        	Wit=1      	---} (17. Qc2 $1 $16) *

[Event "Tsaghkadzor Open 2024"]
[Site "Tsaghkadzor"]
[Date "2024.10.01"]
[Round "2.6"]
[White "Manukyan, Aleks"]
[Black "Zverev, Lev"]
[Result "1/2-1/2"]
[ECO "E32"]
[WhiteElo "2188"]
[BlackElo "2448"]
[Annotator "TA"]
[PlyCount "89"]
[EventDate "2024.09.13"]
[EventType "swiss"]
[EventCountry "ARM"]
[SourceTitle "playchess.com"]
[Source "ChessBase"]
[SourceQuality "1"]
[TimeControl "40/5400+30:1800+30"]

1. d4 Nf6 2. c4 e6 3. Nc3 Bb4 4. Qc2 d6 5. a3 Bxc3+ 6. Qxc3 O-O 7. Nf3 b6 8. g3 Bb7 9. Bg2 Nbd7 10. O-O c5 11. b4 Rc8 12. Bb2 Qe7 13. Rfd1 d5 (13... Rfd8 $11) 14. dxc5 $16 {[%emt 0:09:03] White is better.} bxc5 15. cxd5 Bxd5 16. b5 Nb6 17. a4 Nc4 (17... Qb7 $1 $11) 18. Ne5 Nxb2 19. Qxb2 Qb7 20. Bxd5 (20. f3 $16 c4 21. Qc3) 20... exd5 $14 21. Qc2 $36 {[%emt 0:04:01][%mdl 2048] White fights for an advantage.} a6 (21... h5 $14) 22. Nc6 $1 $16 c4 {[%emt 0:07:42] [#]} 23. e4 $1 dxe4 24. Qxc4 Rfe8 25. Rd6 (25. bxa6 $2 Qxc6 26. Qb5 e3 27. Qxc6 exf2+ (27... Rxc6 $2 28. fxe3 Rxa6 29. Rd4 $19) 28. Kxf2 Rxc6 $19) (25. Rdc1 $14 e3 26. fxe3) 25... axb5 $11 26. axb5 {[%emt 0:03:56] Threatening Qb4.} Ng4 $2 (26... e3 $11 {and Black has nothing to worry.} 27. fxe3 Ra8) 27. Qc5 (27. Qe2 $1 $18 {is the precise move to win.} h5 28. Ra7 Rxc6 29. Rxb7 Rxd6 30. h3) 27... Ra8 $16 (27... e3 $2 28. fxe3 Ra8 29. Rxa8 Qxa8 30. Qa7 Qxa7 31. Nxa7 $18) 28. Rad1 Nf6 {[%emt 0:04:48][%cal Oe4e3] Against Rd7} 29. Qf5 {[%emt 0:04:59] Black must now prevent Rxf6.} e3 30. fxe3 Rxe3 31. Qg5 ({White should try} 31. R1d4 $1 $16 {aiming for Rxf6.} Re1+ 32. Kg2) 31... Re6 $11 ({Not} 31... Qb6 $2 32. Ne7+ (32. Rxf6 $2 {too greedy.} Rf3+ 33. Kh1 Rxf6 $19) 32... Rxe7+ 33. Rxb6 $18) 32. Rxe6 fxe6 33. Qc5 h6 $1 34. Re1 Nd7 {[%emt 0:01:13] [#]} (34... Ra2 $11 {keeps the balance.}) 35. Ne7+ (35. Qc4 $1 $16) 35... Kh8 ({Black should play} 35... Kf7 $11 36. Qd6 Qb6+ 37. Qxb6 Nxb6) 36. Qc6 $14 Qa7+ 37. Kg2 (37. Kh1 $16) 37... Qa2+ 38. Kh3 {[%emt 0:00:16] Active counter play!} Nf8 {[%emt 0:02:36] [#]} 39. b6 (39. Rf1 $1 $16 {[%cal Oc6a8] Strongly threatening Qxa8!} Qe2 40. Qf3 Qxf3 (40... Qxb5 41. Ng6+ Nxg6 42. Qxa8+ Kh7 43. Qf3 $18) 41. Rxf3) 39... Qa5 $11 {[%emt 0:01:05] The position is equal.} 40. Qf3 {[%emt 0:00:00] Prevents Qh5+} Qxe1 41. Qxa8 Qf1+ 42. Kg4 Qe2+ 43. Kh3 Qh5+ 44. Kg2 Qe2+ 45. Kh3 {[%emt 0:00:10] Weighted Error Value: White=0.23 (precise) /Black=0.22 (precise) .  Loses game:     	---       	Black=1      Mistake:       	White=7     	Black=5      Inaccurate:     	White=1     	Black=4      OK:         	White=9     	Black=14     Best:        	White=6     	Black=3      Strong:       	White=1     	Black=1      Brilliant:      	White=1     	---} 1/2-1/2

[Event "Tsaghkadzor Open 2024"]
[Site "Tsaghkadzor"]
[Date "2024.10.01"]
[Round "2.7"]
[White "Goganov, Aleksey"]
[Black "Torosyan, Volodya"]
[Result "1/2-1/2"]
[ECO "B90"]
[WhiteElo "2463"]
[BlackElo "2187"]
[Annotator "RC"]
[PlyCount "85"]
[EventDate "2024.09.13"]
[EventType "swiss"]
[EventCountry "ARM"]
[SourceTitle "playchess.com"]
[Source "ChessBase"]
[SourceQuality "1"]
[TimeControl "40/5400+30:1800+30"]

1. e4 c5 2. Nf3 d6 3. d4 cxd4 4. Nxd4 Nf6 5. Nc3 a6 6. Be3 Ng4 7. Bg5 h6 8. Bc1 Nf6 9. Bd3 Nc6 10. Nxc6 bxc6 11. Qe2 e5 12. b3 Be7 13. Bb2 O-O 14. O-O-O Nd7 15. Na4 Nb6 16. Nxb6 Qxb6 17. g4 Bh4 18. f3 Bb7 19. Kb1 Rfe8 20. Rhf1 d5 21. Qg2 Rad8 22. f4 exf4 23. exd5 Bg5 24. h4 Bxh4 25. Rxf4 Bg5 26. Rxf7 Kxf7 27. Qf3+ Bf6 28. g5 hxg5 29. Qh5+ Ke7 30. Re1+ Kf8 31. Rf1 Ke7 32. Bxf6+ gxf6 33. Qh7+ Kd6 34. Rxf6+ Kc5 35. Qh2 Re1+ 36. Kb2 Re3 37. Qd2 Rde8 38. d6 Bc8 39. a3 a5 40. d7 Bxd7 41. Qc3+ Kd5 42. Bc4+ Kc5 43. Bd3+ 1/2-1/2

[Event "Tsaghkadzor Open 2024"]
[Site "Tsaghkadzor"]
[Date "2024.10.01"]
[Round "2.7"]
[White "Manukyan, Aleks"]
[Black "Zverev, Lev"]
[Result "*"]
[ECO "B90"]
[WhiteElo "2188"]
[BlackElo "2448"]
[Annotator "RC"]
[PlyCount "45"]
[EventDate "2024.09.13"]
[EventType "swiss"]
[EventCountry "ARM"]
[SourceTitle "playchess.com"]
[Source "ChessBase"]
[SourceQuality "1"]
[TimeControl "40/5400+30:1800+30"]

1. e4 c5 2. Nf3 d6 3. d4 cxd4 4. Nxd4 Nf6 5. Nc3 a6 6. Be3 Ng4 7. Bg5 h6 8. Bc1 Nf6 9. Bd3 Nc6 10. Nxc6 bxc6 11. Qe2 e5 12. b3 Be7 13. Bb2 O-O 14. O-O-O Nd7 15. Na4 Nb6 16. Nxb6 Qxb6 17. g4 Bh4 18. f3 Bb7 19. Kb1 Rfe8 20. Rhf1 d5 21. Qg2 Rad8 22. f4 exf4 23. exd5 *

[Event "Tsaghkadzor Open 2024"]
[Site "Tsaghkadzor"]
[Date "2024.10.01"]
[Round "2.8"]
[White "Pingin, Artem"]
[Black "Kornienko, Konstantin"]
[Result "1/2-1/2"]
[ECO "E04"]
[WhiteElo "2438"]
[BlackElo "2058"]
[Annotator "TA"]
[PlyCount "61"]
[EventDate "2024.09.13"]
[EventType "swiss"]
[EventCountry "ARM"]
[SourceTitle "playchess.com"]
[Source "ChessBase"]
[SourceQuality "1"]
[TimeControl "40/5400+30:1800+30"]

1. d4 Nf6 2. c4 e6 3. Nf3 d5 4. g3 dxc4 5. Bg2 Nc6 6. O-O a6 7. Bg5 {[%emt 0:07:58][%mdl 1024] Weiss hat Kompensation.} Be7 8. e3 O-O 9. Nfd2 Na5 10. Nc3 (10. Qc2 {kam in Betracht.}) 10... Rb8 $11 11. Qa4 b6 12. Rfd1 (12. Nxc4 $2 {ist das falsche Schlagen.} Bd7 13. Qc2 Nxc4 $19) 12... Bd7 13. Qc2 Ne8 14. Bxe7 Qxe7 15. e4 Nd6 16. Nf1 Rfd8 17. Ne3 Nc6 (17... c5 $11) 18. e5 $14 Nb5 19. Ne2 Be8 20. Qxc4 ({Lieber nicht} 20. Nxc4 Nbxd4 (20... Ncxd4 $2 21. Qd3 $19) 21. Qe4 Nxe2+ 22. Qxe2 Rxd1+ 23. Rxd1 Rd8 $19) 20... Na5 21. Qc2 c5 22. Qe4 (22. dxc5 $14 Rxd1+ 23. Rxd1 Qxc5 24. Qe4) 22... cxd4 {[%emt 0:06:41] Die Stellung ist ausgeglichen.} 23. Nxd4 Nxd4 24. Rxd4 Bc6 25. Qf4 Bxg2 26. Kxg2 Rxd4 27. Qxd4 Nc6 28. Qc3 Qb7 29. Kg1 Rd8 30. Rd1 {[%emt 0:01:18] Verhindert Nd4} Rxd1+ 31. Nxd1 {[%emt 0:00:00] Gewichteter Fehlerwert: Weiß=0.08 (makellos) /Schwarz=0.08 (makellos) .  Fehler:       	Weiß=2     	Schwarz=1     OK:         	Weiß=12    	Schwarz=14    Bester:       	---       	Schwarz=1} 1/2-1/2

[Event "Tsaghkadzor Open 2024"]
[Site "Tsaghkadzor"]
[Date "2024.10.03"]
[Round "5.1"]
[White "Karthik Venkataraman"]
[Black "Goganov, Aleksey"]
[Result "1-0"]
[ECO "C65"]
[WhiteElo "2581"]
[BlackElo "2463"]
[Annotator "TA"]
[PlyCount "83"]
[EventDate "2024.09.13"]
[EventType "swiss"]
[EventCountry "ARM"]
[SourceTitle "playchess.com"]
[Source "ChessBase"]
[SourceQuality "1"]
[TimeControl "40/5400+30:1800+30"]

1. e4 e5 2. Nf3 Nc6 3. Bb5 Nf6 4. d3 Bc5 5. c3 O-O 6. O-O d6 7. Bg5 {[%emt 0:00:28] 7.h3 gains popularity.} h6 {[%emt 0:00:06] C65: Ruy Lopez: Berlin Defence (3...Nf6), unusual lines and 4 0-0 Bc5.} 8. Bh4 g5 9. Bg3 Nh5 10. Nbd2 Qf6 11. Kh1 {[%emt 0:00:13] has lost popularity (11.Bxc6).} Bb6 $146 ({Predecessor:} 11... Qg6 12. Bc4 a5 13. a3 Kg7 14. b4 axb4 15. axb4 Rxa1 16. Qxa1 Bb6 17. Bd5 Ne7 {1-0 Svidler,P (2751)-Howell,D (2685) Keres Memorial rap 25th rapid 2016 (9)}) 12. a4 a6 13. Bxc6 bxc6 14. d4 g4 15. dxe5 dxe5 16. Bh4 (16. Bxe5 Qe7 17. a5 gxf3 18. Nxf3 Bc5 $17) 16... Qg7 17. Ng1 f5 18. a5 Ba7 19. Qa4 Rb8 20. exf5 Rxb2 (20... Bxf5 $6 21. Qc4+ Kh7 22. Qxa6 $16) 21. Nc4 Rb5 22. Ne3 Kh8 (22... Bxf5 $6 23. c4 Rb2 24. Nxf5 Rxf5 25. Qxc6 $16) (22... Bxe3 $1 $15 {stays ahead.} 23. fxe3 Bxf5) 23. Qe4 $16 Nf4 24. c4 (24. Qxc6 $2 Bb7 (24... Bxf5 $2 25. Nxf5 Rxf5 26. Qa8+ Bb8 27. Qxa6 $18) 25. f6 Qf7 $19 (25... Bxc6 $2 26. fxg7+ Kxg7 27. Ne2 $19) (25... Bxc6 $2 26. fxg7+ Kxg7 27. Ne2 $19)) (24. Rad1 $14) 24... Rb8 (24... Rb3 $1 $11) 25. Rad1 $14 (25. Qxc6 $2 {is the wrong capture.} Bb7 $19 (25... Bxf5 26. Nxf5 Rxf5 27. Rab1 $11) (25... Bxf5 26. Nxf5 Rxf5 27. Rab1 $16)) 25... Bxe3 26. f6 Qh7 $1 27. Qxe3 Ng6 $1 28. Bg3 Be6 $1 29. f4 Rxf6 30. fxe5 Rxf1 31. Rxf1 Bxc4 32. Rf6 Bd5 $1 33. e6 Re8 $2 (33... Kg8 $1 $11) 34. Rf7 $18 Qxf7 35. Be5+ Nxe5 36. exf7 Bxf7 37. Qxh6+ Kg8 38. h4 (38. Qg5+ Kf8 39. Qf6 Kg8) 38... Re6 $2 (38... Bc4 {was worth a try.} 39. Qe3 Kf8) 39. Qg5+ $18 Kh7 40. Ne2 Ng6 41. Nd4 Re5 42. Nf5 1-0

[Event "Tsaghkadzor Open 2024"]
[Site "Tsaghkadzor"]
[Date "2024.10.03"]
[Round "5.2"]
[White "Audi Ameya"]
[Black "Andriasian, Zaven"]
[Result "1/2-1/2"]
[ECO "B72"]
[WhiteElo "2413"]
[BlackElo "2558"]
[Annotator "TA"]
[PlyCount "86"]
[EventDate "2024.09.13"]
[EventType "swiss"]
[EventCountry "ARM"]
[SourceTitle "playchess.com"]
[Source "ChessBase"]
[SourceQuality "1"]
[TimeControl "40/5400+30:1800+30"]

1. e4 c5 2. Nf3 d6 3. d4 cxd4 4. Nxd4 Nf6 5. Nc3 a6 6. Bd3 g6 7. f3 Bg7 8. Be3 Nbd7 9. Qd2 b5 10. a4 b4 11. Na2 d5 12. exd5 Nxd5 13. Nxb4 Nxe3 14. Qxe3 {[%emt 0:00:30] [#] Ndc6 would now be deadly.} Qc7 15. Be4 Bb7 16. O-O-O O-O 17. Bxb7 Qxb7 18. Ndc6 (18. Qxe7 $2 Rfe8 19. Qd6 Be5 $19) 18... Ne5 19. Nxe5 $16 Qxb4 {[%emt 0:00:30] Black is weak on the light squares} 20. Rd4 $36 {[%emt 0:00:30][%mdl 2048] White is in control.} Qb6 21. Rhd1 {[%emt 0:00:30] Active counter play!} Qe6 22. Rd5 Rfc8 23. b3 Rab8 24. R1d3 Qf6 {[%emt 0:00:30] [#]} 25. f4 $1 h5 26. g3 Kh7 27. Kd2 Rb7 28. h4 Rcc7 29. c4 e6 30. Rd6 a5 31. c5 {[%emt 0:00:30] Hoping for c6.} Bf8 32. c6 Bxd6 33. cxb7 (33. Rxd6 $16 Rb8 34. Kc2) 33... Bb4+ $11 {[%emt 0:00:30] The position is equal.} 34. Ke2 {[%emt 0:00:30] The board is on fire.} Rxb7 35. Qe4 Rc7 36. Rd4 Bc5 37. Rc4 Qe7 38. Qa8 f6 39. Nd3 ({But not} 39. Qh8+ $2 Kxh8 40. Nxg6+ Kg7 41. Nxe7 Kf7 $19) 39... Ba7 40. Kd2 Qd6 41. Rxc7+ Qxc7 42. Qe4 {[%emt 0:00:30] Prevents Bd4} Qd7 43. b4 axb4 {[%emt 0:00:30] Black escapes into a draw.   Weighted Error Value: White=0.10 (very precise) /Black=0.10 (very precise) .  Mistake:       	White=1     	Black=1      Inaccurate:     	---       	Black=1      OK:         	White=18    	Black=13     Best:        	White=2     	Black=3} 1/2-1/2